Cogmind - Beta 13 @@@ ROGUE MODE // 2024.04.05 @ 19:10:13 Player: hanna Result: Destroyed by H-61 Shepherd with Heavy Assault Cannon Performance ------------- Evolutions (3) 1500 Regions Visited (7) 1400 Robots Destroyed (53) 265 Value Destroyed (2000) 2000 Prototype IDs (6) 120 Alien Tech Used (0) 0 Bonus (953) 953 TOTAL SCORE: 6238 Bonus ------- High Alert Combat Kills 183 Follower Combat Kills 618 Entered DSFs 500 Friendly Fire -348 Cogmind --------- Core Integrity 0/700 Matter 21/300 Energy 202/210 System Corruption 0% Temperature Cool (15) Movement Walking (123) Location -7/DSF Parts ------- > --- POWER (3) -------- Light Nuclear Core Micro Nuclear Core > --- PROPULSION (3) --- Aluminum Leg Aluminum Leg Improved Titanium Leg > --- UTILITY (4) ------ Core Analyzer > --- WEAPON (3) ------- High-powered Shotgun Great Axe > --- INVENTORY (5) ---- (None) Peak State ------------ > --- POWER ------------ Improved Ion Engine Improved Ion Engine > --- PROPULSION ------- Aluminum Leg Carbon-fiber Leg Carbon-fiber Leg > --- UTILITY ---------- Small Storage Unit Improved Terrain Scanner Hardened Medium Armor Plating > --- WEAPON ----------- Advanced EMP Blaster Advanced EMP Blaster Advanced EMP Blaster > --- INVENTORY -------- Light Ion Engine Aluminum Leg Aluminum Leg Aluminum Leg Hardened Medium Armor Plating Enhanced Autogun Enhanced Autogun Rocket Launcher [Rating: 31] Favorites ----------- Power Light Ion Engine Engine Light Ion Engine Power Core Light Nuclear Core Propulsion Aluminum Leg Leg Aluminum Leg Wheel Compact Wheel Utility Small Storage Unit Device Improved Terrain Scanner Storage Small Storage Unit Processor Core Analyzer Hackware System Shield Protection Hardened Medium Armor Plating Weapon Advanced EMP Blaster Energy Gun Improved EM Shotgun Energy Cannon Light EM Pulse Cannon Ballistic Gun Enhanced Autogun Launcher Advanced EMP Blaster Slashing Weapon Great Axe Build | -11 -10 -10 -9 -8 -8 -7 -7 ------- Run | Yrd Mat Min Mat Mat Sto Fac DSF Slots Evolved 6 | . . . 2 2 . 2 . Power 2 | . . . 1 . . 1 . Propulsion 1 | . . . 1 . . . . Utility 2 | . . . . 1 . 1 . Weapon 1 | . . . . 1 . . . Parts Attached 64 | 6 . 1 23 5 11 . 18 Power 10 | 1 . . 3 . 3 . 3 Engine 7 | 1 . . 3 . 3 . . Core 3 | . . . . . . . 3 Reactor . | . . . . . . . . Propulsion 23 | 2 . . 9 2 . . 10 Treads . | . . . . . . . . Leg 18 | 2 . . 9 2 . . 5 Wheel 5 | . . . . . . . 5 Hover . | . . . . . . . . Flight . | . . . . . . . . Utility 11 | 1 . 1 3 2 2 . 2 Device 5 | . . 1 3 1 . . . Storage 1 | 1 . . . . . . . Processor 1 | . . . . . . . 1 Hackware 1 | . . . . . 1 . . Protection 3 | . . . . 1 1 . 1 Artifact . | . . . . . . . . Weapon 20 | 2 . . 8 1 6 . 3 Energy Gun 7 | 1 . . 5 . . . 1 Energy Cannon 1 | . . . 1 . . . . Ballistic Gun 6 | 1 . . 2 . 2 . 1 Ballistic Cannon . | . . . . . . . . Launcher 5 | . . . . 1 4 . . Special Weapon . | . . . . . . . . Impact Weapon . | . . . . . . . . Slashing Weapon 1 | . . . . . . . 1 Piercing Weapon . | . . . . . . . . Special Melee Weapon . | . . . . . . . . Unidentified Prototypes 4 | . . . 1 . 2 . 1 Parts Lost 20 | . . 1 3 . 2 . 14 Power 6 | . . . 2 . 2 . 2 Propulsion 4 | . . . . . . . 4 Utility 4 | . . . . . . . 4 Weapon 6 | . . 1 1 . . . 4 Highest Loss Streak 8 | . . 1 2 . 1 . 8 To Critical Strikes . | . . . . . . . . Average Slot Usage (%) 89 | . 85 81 95 88 98 76 53 Engine 16 | . 14 14 20 18 16 7 3 Leg 27 | . 28 28 33 27 27 23 10 Wheel 1 | . . . . . . . 8 Device 7 | . . 5 10 9 7 . . Storage 9 | . 14 14 11 9 9 7 5 Protection 4 | . . . . 7 9 15 3 Energy Gun 4 | . 14 5 8 9 . . 1 Energy Cannon 2 | . . . 5 . . . . Ballistic Gun 4 | . 14 14 4 9 . 15 11 Launcher 10 | . . . . . 26 7 3 Naked Turns . | . . . . . . . . Heaviest Build 46 | 13 13 13 23 32 46 34 34 Greatest Support 48 | 20 20 20 30 40 40 40 48 Greatest Overweight (x) 2 | 1 . . . . 1 . 2 Average Overweight (x) . | . . . . . . . . Largest Inventory Capacity 8 | 8 8 8 8 8 8 8 8 Average Capacity 7 | 7 8 8 8 8 8 8 7 Most Carried 8 | 5 1 3 8 8 8 3 7 Average Carried 4 | 1 1 1 2 6 7 3 3 Final Capacity 8 | 8 8 8 8 8 8 8 5 Final Carried 6 | 1 1 2 6 5 3 3 . Class Distribution -------------------- 43% | Mutant 36% | Bomber 11% | Scavenger-Mutant 7% | Tank Dominant Class ---------------- Mutant | -10/Materials Mutant | -10/Mines Mutant | -9/Materials Scavenger-Mutant | -8/Materials Bomber | -8/Storage Bomber | -7/Factory Bomber | -7/DSF Resources | -11 -10 -10 -9 -8 -8 -7 -7 ----------- Run | Yrd Mat Min Mat Mat Sto Fac DSF Matter Collected 976 | 185 . 66 313 . 255 . 157 Remotely . | . . . . . . . . Salvage Created 2379 | . . 120 907 . 990 . 362 Parts 127 | . . 7 53 . 47 . 20 Haulers Intercepted 2 | . . . . . 2 . . Recyclers Shooed . | . . . . . . . . Parts Field Recycled . | . . . . . . . . Retrieved Matter . | . . . . . . . . Parts Self-Destructed . | . . . . . . . . Prevented . | . . . . . . . . Kills | -11 -10 -10 -9 -8 -8 -7 -7 ------- Run | Yrd Mat Min Mat Mat Sto Fac DSF Combat Hostiles Destroyed 43 | . . 2 18 . 13 . 10 Melee 4 | . . . . . . . 4 Guns 17 | . . 2 12 . . . 3 Cannons 5 | . . . 5 . . . . AOE 16 | . . . 1 . 12 . 3 Classes Destroyed 15 | . . 2 2 . 7 . 4 Worker 1 | . . . . . 1 . . Builder 3 | . . 1 1 . 1 . . Hauler 2 | . . . . . 2 . . Recycler 1 | . . . . . 1 . . Mechanic 1 | . . . . . 1 . . Operator 1 | . . . . . 1 . . Watcher 1 | . . . . . 1 . . Swarmer 3 | . . . . . . . 3 Grunt 24 | . . 2 14 . 8 . . Duelist 3 | . . . 1 . 2 . . Protector 2 | . . . . . 2 . . Sentry 4 | . . . 3 . 1 . . Specialist 5 | . . . . . . . 5 Hunter 1 | . . . . . . . 1 Programmer 1 | . . . . . . . 1 Best Kill Streak 11 | . . 2 7 . 11 . 3 Combat Bots Only 8 | . . 1 7 . 8 . 3 Max Kills in Single Turn 7 | . . 1 1 . 7 . 1 Gunslinging . | . . . . . . . . Exploded 6 | . . . 1 . 6 . 1 Melee 1 | . . . . . . . 1 Uniques/NPCs Destroyed . | . . . . . . . . Combat | -11 -10 -10 -9 -8 -8 -7 -7 -------- Run | Yrd Mat Min Mat Mat Sto Fac DSF Hostile Shots Fired 267 | . 3 17 77 . 36 . 134 Missed 74 | . 3 3 18 . 15 . 35 Damage Taken 3762 | . . 211 826 . 622 . 2103 Core 984 | . . 28 184 . 32 . 740 Absorbed by Shields . | . . . . . . . . Core Remaining (%) 84 | 100 . 88 54 . 94 . . Volleys Fired 97 | . . 19 45 . 8 . 25 Largest 3 | . . 2 2 . 3 . 3 Hottest 108 | . . 60 101 . 108 . 106 Shots Fired 190 | . . 25 82 . 24 . 59 Gun 136 | . . 25 62 . . . 49 Cannon 20 | . . . 20 . . . . Launcher 34 | . . . . . 24 . 10 Special . | . . . . . . . . Kinetic 74 | . . 19 11 . . . 44 Thermal 5 | . . . . . . . 5 Explosive 10 | . . . . . . . 10 Electromagnetic 101 | . . 6 71 . 24 . . Robot Hit Streak 13 | . . 9 13 . 2 . 4 Robot Miss Streak 8 | . . 2 3 . 3 . 8 Penetration Max . | . . . . . . . . Secondary Targets . | . . . . . . . . Shots Hit Robots 122 | . . 19 64 . 9 . 30 Core Hits 97 | . . 7 40 . 34 . 16 Critical Kills 1 | . . 1 . . . . . Critical Parts Destroyed 2 | . . 1 . . . . 1 Critical Strikes 4 | . . 2 . . . . 2 Burn 1 | . . . . . . . 1 Destroy 3 | . . 2 . . . . 1 Melee Attacks 8 | . . . . . . . 8 Impact . | . . . . . . . . Slashing 8 | . . . . . . . 8 Piercing . | . . . . . . . . Sneak Attacks . | . . . . . . . . Combat Hostiles . | . . . . . . . . Follow-up Attacks . | . . . . . . . . Damage Inflicted 4384 | . . 175 1258 . 1992 . 959 Guns 1376 | . . 175 757 . . . 444 Cannons 367 | . . . 367 . . . . Explosions 2448 | . . . 127 . 1992 . 329 Melee 186 | . . . . . . . 186 Ramming 7 | . . . 7 . . . . Kinetic 578 | . . 120 95 . . . 363 Thermal 739 | . . . 127 . 531 . 81 Explosive 329 | . . . . . . . 329 Electromagnetic 2545 | . . 55 1029 . 1461 . . Impact . | . . . . . . . . Slashing 186 | . . . . . . . 186 Piercing . | . . . . . . . . Highest Corruption 5 | . . . 5 . 2 . . Average Corruption 4 | . . . 5 . 1 . . Corruption Purged . | . . . . . . . . Corruption Blocked . | . . . . . . . . Effects 27 | . . . 22 . 5 . . Message Errors 6 | . . . 5 . 1 . . Matter Fused 7 | . . . 6 . 1 . . Heat Flow Errors 2 | . . . 2 . . . . Parts Rejected 1 | . . . 1 . . . . Data Loss (minor) 5 | . . . 4 . 1 . . Data Loss (major) 3 | . . . 1 . 2 . . Misfires 2 | . . . 2 . . . . Weapon Failures 1 | . . . 1 . . . . Overload Shots . | . . . . . . . . Overflow Damage 95 | . . . . . 64 . 31 Projectiles . | . . . . . . . . Explosions 64 | . . . . . 64 . . Melee 31 | . . . . . . . 31 Knockbacks . | . . . . . . . . Impact . | . . . . . . . . Kinetic . | . . . . . . . . Secondary . | . . . . . . . . Self-Inflicted Damage 412 | . . . 47 . 250 . 115 Shots 16 | . . . 1 . 12 . 3 Rammed . | . . . . . . . . Targets Rammed 3 | . . . 3 . . . . Kicked 3 | . . . 3 . . . . Crushed . | . . . . . . . . Highest Temperature 520 | . . 47 520 . 85 . 17 Average Temperature 121 | . . 19 171 . 37 . 8 Received Heat Transfer 732 | . . 126 345 . 180 . 81 Effects 10 | . . . 10 . . . . Shutdowns 5 | . . . 5 . . . . Interference 3 | . . . 3 . . . . Short Circuit 2 | . . . 2 . . . . Siege Activations . | . . . . . . . . Robots Corrupted 1 | . . . . . 1 . . Combat Hostiles 1 | . . . . . 1 . . Parts Fried 12 | . . . 5 . 7 . . Impact Corruptions . | . . . . . . . . Robots Melted . | . . . . . . . . Combat Hostiles . | . . . . . . . . Parts Melted . | . . . . . . . . Heat Transferred 1302 | . . . 200 . 843 . 259 Parts Sabotaged . | . . . . . . . . Parts Stolen . | . . . . . . . . Parts Stripped . | . . . . . . . . Power Chain Reactions 14 | . . . 2 . 12 . . Alert | -11 -10 -10 -9 -8 -8 -7 -7 ------- Run | Yrd Mat Min Mat Mat Sto Fac DSF Peak Influence 730 | . . 45 383 161 730 331 449 Initial 331 | . . . 17 161 67 331 231 Average 238 | . . 24 146 161 357 331 363 Maximum Alert Level 3 | . . . 1 . 3 1 2 Low Security (%) 41 | 100 100 100 52 100 20 . . Level 1 38 | . . . 47 . 36 100 58 Level 2 15 | . . . . . 29 . 41 Level 3 4 | . . . . . 13 . . Level 4 . | . . . . . . . . Level 5 . | . . . . . . . . High Security . | . . . . . . . . Max Security . | . . . . . . . . Sterilizations 1 | . . . . . . . 1 Squads Dispatched 12 | . . . 4 . 5 . 3 Investigation 3 | . . . 2 . 1 . . Extermination . | . . . . . . . . Reinforcement 5 | . . . 2 . . . 3 Assault 2 | . . . . . 2 . . Garrison 2 | . . . . . 2 . . Intercept . | . . . . . . . . Searches Triggered . | . . . . . . . . Construction Impeded . | . . . . . . . . Haulers Reinforced . | . . . . . . . . Active Scanning Responses . | . . . . . . . . Cargo Convoy Interrupts . | . . . . . . . . Stealth | -11 -10 -10 -9 -8 -8 -7 -7 --------- Run | Yrd Mat Min Mat Mat Sto Fac DSF Distress Signals 2 | . . . 1 . 1 . . Communications Jammed . | . . . . . . . . Distress Signals . | . . . . . . . . Times Spotted 72 | . 2 2 25 . 29 . 14 Peak Tracking Total 8 | . 2 2 7 . 8 . 5 Tactical Retreats 11 | . . . 4 . 3 . 4 Traps | -11 -10 -10 -9 -8 -8 -7 -7 ------- Run | Yrd Mat Min Mat Mat Sto Fac DSF Traps Triggered 5 | . . . 2 . 3 . . Indirectly . | . . . . . . . . Trap Hack Attempts . | . . . . . . . . Triggered . | . . . . . . . . Disarmed . | . . . . . . . . Reprogrammed . | . . . . . . . . Reused . | . . . . . . . . Traps Extracted . | . . . . . . . . Installed . | . . . . . . . . Triggered . | . . . . . . . . Machines | -11 -10 -10 -9 -8 -8 -7 -7 ---------- Run | Yrd Mat Min Mat Mat Sto Fac DSF Machines Disabled 8 | . . . 2 . 6 . . Max in Single Turn 2 | . . . 1 . 2 . . Machines Repaired . | . . . . . . . . Machines Dismantled . | . . . . . . . . Machines Sabotaged . | . . . . . . . . Overloaded Fab Kills . | . . . . . . . . Hacking | -11 -10 -10 -9 -8 -8 -7 -7 --------- Run | Yrd Mat Min Mat Mat Sto Fac DSF Machines Accessed 4 | . . . . . 3 1 . Terminals 4 | . . . . . 3 1 . Fabricators . | . . . . . . . . Repair Stations . | . . . . . . . . Recycling Units . | . . . . . . . . Scanalyzers . | . . . . . . . . Garrison Access . | . . . . . . . . Total Hacks 6 | . . . . . 4 2 . Successful 4 | . . . . . 3 1 . Failed 2 | . . . . . 1 1 . Catastrophic . | . . . . . . . . Database Lockouts . | . . . . . . . . Manual . | . . . . . . . . Terminals 6 | . . . . . 4 2 . Fabricators . | . . . . . . . . Repair Stations . | . . . . . . . . Recycling Units . | . . . . . . . . Scanalyzers . | . . . . . . . . Garrison Access . | . . . . . . . . Terminal Hacks 4 | . . . . . 3 1 . Record 1 | . . . . . 1 . . Prototype ID Bank 1 | . . . . . 1 . . Open Door 1 | . . . . . 1 . . Open DSF 1 | . . . . . . 1 . Fabricator Hacks . | . . . . . . . . Repair Station Hacks . | . . . . . . . . Recycling Unit Hacks . | . . . . . . . . Scanalyzer . | . . . . . . . . Garrison Access Hacks . | . . . . . . . . Unauthorized Hacks . | . . . . . . . . Terminals . | . . . . . . . . Fabricators . | . . . . . . . . Repair Stations . | . . . . . . . . Recycling Units . | . . . . . . . . Scanalyzers . | . . . . . . . . Garrison Access . | . . . . . . . . Data Cores Recovered . | . . . . . . . . Used . | . . . . . . . . Hacking Detections 1 | . . . . . 1 . . Full Trace Events . | . . . . . . . . Feedback Events . | . . . . . . . . Feedback Blocked . | . . . . . . . . Robot Schematics Acquired . | . . . . . . . . Robots Built . | . . . . . . . . Authchips . | . . . . . . . . Time . | . . . . . . . . Total Robot Build Rating . | . . . . . . . . Part Schematics Acquired . | . . . . . . . . Parts Built . | . . . . . . . . Authchips . | . . . . . . . . Time . | . . . . . . . . Total Part Build Rating . | . . . . . . . . Parts Repaired . | . . . . . . . . Time . | . . . . . . . . Parts Recycled . | . . . . . . . . Recycled Matter . | . . . . . . . . Retrieved Matter . | . . . . . . . . Retrieved Components . | . . . . . . . . Parts Scanalyzed . | . . . . . . . . Part Schematics Acquired . | . . . . . . . . Parts Damaged . | . . . . . . . . Bothacking | -11 -10 -10 -9 -8 -8 -7 -7 ------------ Run | Yrd Mat Min Mat Mat Sto Fac DSF Used RIF Installer . | . . . . . . . . Robots Hacked . | . . . . . . . . Non-combat . | . . . . . . . . Combat . | . . . . . . . . Robot Hacks Applied . | . . . . . . . . Relay Couplers Released . | . . . . . . . . Fabnet Peak Effective % . | . . . . . . . . Robots Rewired . | . . . . . . . . Allies Hacked . | . . . . . . . . Hacks Repelled . | . . . . . . . . Allies | -11 -10 -10 -9 -8 -8 -7 -7 -------- Run | Yrd Mat Min Mat Mat Sto Fac DSF Total Allies 1 | . . . . . 1 . . Largest Group 1 | . . . . . 1 . . Highest-Rated Group 100 | . . . . . 100 . . Highest-Rated Ally 100 | . . . . . 100 . . Total Orders . | . . . . . . . . Ally Attacks 41 | . . . . . 41 . . Total Damage 1633 | . . . . . 1633 . . Kills 19 | . . . . . 19 . . Allies Corrupted . | . . . . . . . . Allies Melted . | . . . . . . . . Intel | -11 -10 -10 -9 -8 -8 -7 -7 ------- Run | Yrd Mat Min Mat Mat Sto Fac DSF Robot Analysis Total . | . . . . . . . . Derelict Logs Recovered . | . . . . . . . . Drone Launches . | . . . . . . . . Drone Recoveries . | . . . . . . . . Exploration | -11 -10 -10 -9 -8 -8 -7 -7 ------------- Run | Yrd Mat Min Mat Mat Sto Fac DSF Turns Passed 2789 | 57 33 165 1009 164 1012 14 335 Spaces Moved 1406 | 34 28 98 382 126 534 12 192 Core 19 | 11 . . . . . . 8 Treads . | . . . . . . . . Legs 1294 | 23 28 98 382 126 534 12 91 Wheels 93 | . . . . . . . 93 Hover . | . . . . . . . . Flight . | . . . . . . . . Fastest Speed 50 | 50 120 120 120 120 120 120 50 Average Speed 139 | 101 120 120 120 120 177 120 110 Slowest Speed 190 | 190 120 120 120 120 190 120 150 Overloaded Moves . | . . . . . . . . Propulsion Burnouts . | . . . . . . . . Robots Hopped . | . . . . . . . . Cave-ins Triggered . | . . . . . . . . Exploration Rate (%) 27 | 4 9 24 22 13 76 1 67 Regions Visited 7 Branch Regions 2 Pre-discovered Areas . | . . . . . . . . Known Exits Taken 1 | . . . . . . 1 . Unknown Exits Taken 6 | 1 1 1 1 1 1 . . Scrap Searched . | . . . . . . . . Spaces Dug . | . . . . . . . . Terrain Destroyed 96 | . . . 13 . 30 . 53 Melee . | . . . . . . . . Projectile . | . . . . . . . . AOE 96 | . . . 13 . 30 . 53 Terrain Rammed . | . . . . . . . . Walls Destroyed . | . . . . . . . . Machines Disabled . | . . . . . . . . Actions | -11 -10 -10 -9 -8 -8 -7 -7 --------- Run | Yrd Mat Min Mat Mat Sto Fac DSF Total 2058 | 56 27 124 848 141 583 11 268 Wait 403 | 10 . 5 370 . 10 . 8 Move 1399 | 33 27 97 381 125 533 11 192 Hop . | . . . . . . . . Pick Up 58 | 7 . 2 19 6 11 . 13 Fast Attach . | . . . . . . . . Attach 33 | 6 . 1 9 2 3 . 12 Detach . | . . . . . . . . Swap 31 | . . . 14 3 8 . 6 Drop 25 | . . . 7 5 9 . 4 Fire 97 | . . 19 45 . 8 . 25 Melee 8 | . . . . . . . 8 Ram . | . . . . . . . . Kick 3 | . . . 3 . . . . Crush . | . . . . . . . . Escape Stasis . | . . . . . . . . Rewire 1 | . . . . . 1 . . Trap . | . . . . . . . . Miscellaneous . | . . . . . . . . Route ------- -11/Scrapyard -10/Materials -10/Mines -9/Materials -8/Materials -8/Storage -7/Factory -7/DSF History --------- Turn | Location | Event 9 | -11/Scrapyard | Discovered new exit (range 15) 58 | -11/Scrapyard | Entered Materials 73 | -10/Materials | Discovered new exit (range 16) 91 | -10/Materials | Entered Mines 246 | -10/Mines | Discovered new exit (range 6) 256 | -10/Mines | Entered Materials 256 | -9/Materials | Evolved 2 slots: Power x1, Propulsion x1 316 | -9/Materials | Build established: Mutant 735 | -9/Materials | Destroyed 7 combat bots 1222 | -9/Materials | Discovered new exit (range 6) 1265 | -9/Materials | Entered another Materials area 1265 | -8/Materials | Evolved 2 slots: Utility x1, Weapon x1 1396 | -8/Materials | Build established: Scavenger-Mutant 1413 | -8/Materials | Discovered new exit (range 12) 1429 | -8/Materials | Entered Storage 1529 | -8/Storage | Met 01-MTF 1932 | -8/Storage | Build established: Bomber 2104 | -8/Storage | Garrison activated, responded to threat 2229 | -8/Storage | First assault squad dispatched 2255 | -8/Storage | Garrison activated, responded to threat 2297 | -8/Storage | Destroyed 8 combat bots 2423 | -8/Storage | Discovered new exit (range 4) 2441 | -8/Storage | Entered Factory 2441 | -7/Factory | Evolved 2 slots: Power x1, Utility x1 2455 | -7/Factory | Identified exit to DSF 2455 | -7/Factory | Entered DSF 2478 | -7/DSF | Additional patrols routed to DSF 2687 | -7/DSF | Core integrity fell below 50% 2718 | -7/DSF | Core integrity fell below 20% 2735 | -7/DSF | Sterilization system engaged 2749 | -7/DSF | Lost 8 parts (3n2u3w) 2755 | -7/DSF | Ambient heat levels rising (+10) 2770 | -7/DSF | Ambient heat levels rising (+10) 2785 | -7/DSF | Ambient heat levels rising (+10) 2790 | -7/DSF | Destroyed by H-61 Shepherd with Heavy Assault Cannon Last Messages --------------- Acquired 23 matter. Destroyed VTOL Module. S-27 Virus destroyed. ALERT: Persistent threat exposed, engaging DSF rapid sterilization system. Acquired Unknown Processor. Identified Core Analyzer. Acquired Carbon-fiber Leg. C-30 ARC bursts open, deploying its payload. Acquired Lgt. Nuclear Core. ALERT: Ambient heat levels +10. Carbon-fiber Leg destroyed. P-60 Hacker destroyed. Acquired 47 matter. Acquired Mic. Nuclear Core. Acquired 23 matter. ALERT: Ambient heat levels +10. Acquired Lgt. Nuclear Core. Lgt. Nuclear Core destroyed. ALERT: Ambient heat levels +10. Map ----- +----------------------------------------------------+ | | | | | | | ?????????????????????????????????????????? | | ?????????????????????????????????????????? | | ?????????????????????????????????????????? | | ?????????##??????????????????????????????? | | ?????????""#?????????###?????????????????? | | ?????????#"#?????????# ##????????????????? | | ??????####"##???????##""#####????????????? | | ??????#"""""#########[[!!![[#????????????? | | ??????#""""" ==# "[[!!![[#????????????? | | ???#"##"" %=" #????????????? | | ???#""""" =%%" #????????????? | | ????###"" ## #=== #" ###????????????? | | ??????## # # #=== ## #?????????????? | | ???????## ########## % [ =#????????????? | | ???????#= ==#????? # ! ##???????????? | | ???????#= ==#?????# = #???????????? | | ???????# = ##????## ###???????????? | | ???????# [ =!#????? [[ ! ????????????? | | ???????# === #????? [[ #??????????? | | ???????#![= = #????? [[ # ??????????? | | ??????### #=####### ####?????????? | | ??????#/ =%##!!!#!!!### #!???????????? | | ??????#// [#"!!!#@!!## ##????????????? | | ?????## % ?????????? | | ????##% % % H ?????????? | | ????# " ?????????? | | ????###!! ##///#[[[##a a##!!!?????????? | | ??????#!! ##///#[[[#?? ##?????????????? | | ??????### ##########??? #??????????????? | | ???????#= = #??????????? [[?????????????? | | ???????#= = #????????????[[#????????????? | | ???????#= = #?????????????[#????????????? | | ???????## ###??????????????#????????????? | | ???????#= ==#???????????????????????????? | | ???????# ==#??????????????#????????????? | | ???????## ##########???? #????????????? | | ??????### ^###==#===### #??????????????? | | ????###"" ##==#=== ###????????????? | | ????""""" [ ^ ???????? | | ????"##"" %! ???????? | | ??????#"""""## #=== ]]#===#????????? | | ??????#"""""###### ## ]]#????????????? | | ??????####"##????###?########????????????? | | ?????????#"#?????????????????????????????? | | ?????????""#?????????????????????????????? | | ?????????????????????????????????????????? | | ?????????????????????????????????????????? | +----------------------------------------------------+ Best States ------------- Heat Dissipation 45 Energy Generation 33 Energy Capacity 430 Matter Stores 300 Matter Capacity 300 Sight Range 16 Terrain Scan Range 16 Terrain Scan Density 10 Armor Coverage 450 Evasion (%) 55 Core Analysis 6 Defensive Hacking 10 Trap Extractor Capacity 4 Item Schematics ----------------- None Robot Schematics ------------------ None Fabricated ------------ Nothing Alien Tech Used ----------------- None Achievements -------------- Quick And Dirty Significant Disruption Challenges ------------ None Game ------ Seed ScanRecyclingBattery Manual? 0 Play Time 00:38:19 Cumulative 15.6 hours Start 2024.04.05 @ 18:30:12 End 2024.04.05 @ 19:10:13 Sessions 1 Manual Loads 0 Difficulty Rogue Special Mode None Game No. 28 Rogue 28 Adventurer 0 Explorer 0 Win Type - Total 0 Types 0/0/0/0/0/0/0/0/0 Lore% 15 Gallery% 21 Achievement% 18 Wizard Run 0 Options --------- Layout 1 ASCII 0 Keyboard 0 Movement Mouse Keybinds 0 Fullscreen 2 Font 24/Smallcaps Map View 50x35 Zoom Use 0% Tactical HUD 0 Map Filters NONE Filters NONE Steam 1 RUN: 0a55880a-39c7-4132-9859-6225459c80c6